 Dungeon Crawl Stone Soup version 0.26.1-2-gb8aa6d0cf2 (webtiles) character file.

Game seed: 12844911808445189815

19 Sporker the Gusty (level 2, 0/15 HPs)
             Began as a Tengu Air Elementalist on Mar 17, 2021.
             Hit by a stone thrown by a kobold (4 damage)
             ... on level 1 of the Dungeon.
             The game lasted 00:05:03 (844 turns).

Sporker the Gusty (Tengu Air Elementalist)           Turns: 844, Time: 00:05:04

Health: 0/15       AC:  2    Str:  8    XL:     2   Next: 75%
Magic:  6/6        EV: 12    Int: 15    God:
Gold:   11         SH:  0    Dex: 14    Spells: 2/5 levels left

rFire    . . .     SeeInvis .   c - +0 short sword
rCold    . . .     Faith    .   (no shield)
rNeg     . . .     Spirit   .   a - +0 robe
rPois    .         Reflect  .   (helmet restricted)
rElec    .         Harm     .   (no cloak)
rCorr    .         Rampage  .   (no gloves)
Will     .....                  (boots unavailable)
Stlth    ++........             (no amulet)
HPRegen  0.05/turn              (no ring)
MPRegen  0.10/turn              (no ring)

@: no status effects
A: beak, talons 3
a: no special abilities


You were on level 1 of the Dungeon.
You visited 1 branch of the dungeon, and saw 1 of its levels.

You collected 11 gold pieces.

Inventory:

Hand Weapons
 c - a +0 short sword (weapon)
Missiles
 b - 37 stones
 e - 13 arrows
 h - 17 sling bullets
Armour
 a - a +0 robe (worn)
Scrolls
 d - a scroll of enchant armour {unknown}
Potions
 f - a potion of haste {unknown}
 g - 2 potions of attraction {unknown}


   Skills:
 - Level 2.1 Dodging
 - Level 2.0 Stealth
 - Level 2.0 Spellcasting
 - Level 1.3 Conjurations
 + Level 5.3 Air Magic


You had 2 spell levels left.
You knew the following spells:

 Your Spells              Type           Power        Failure   Level
a - Shock                 Conj/Air       44%          6%          1
b - Swiftness             Air            17%          3%          2

Your spell library contained the following spells:

 Spells                   Type           Power        Failure   Level
 Static Discharge         Conj/Air       11%          17%         3
 Airstrike                Air            8%           26%         4
 Lightning Bolt           Conj/Air       5%           85%         5


Dungeon Overview and Level Annotations

Branches:
Dungeon (1/15)

Altars:


Innate Abilities, Weirdness & Mutations

You have a beak for a mouth.
You have claws for feet.


Message History

The kobold throws a stone.
The stone barely misses you.
You see here a stone.
The kobold throws a stone.
The stone hits you.
* * * LOW HITPOINT WARNING * * *
You see here a stone.
The kobold throws a stone.
The stone hits you but does no damage.
You see here a stone.
You start resting.
A kobold is nearby!
The kobold throws a stone.
The stone barely misses you.
Press: ? - help, v - describe, . - travel
Here: a kobold, wielding a +4 dagger and quivering 2 stones The floor.
The kobold throws a stone.
The stone hits you.
* * * LOW HITPOINT WARNING * * *
You see here a stone.
You start resting.
A kobold is nearby!
The kobold throws a stone.
The stone hits you.
You die...

#........# ####........#
#...........#
.#.##.#...#.##
...........#.###
...............#
#.###..##....#########
#....................#
#..............@..# ##
##.#.#..##.#K#####.###....
#.......##.#.# #.......#
.#......##...#####.#####.#
....)........(...K........
......#.##...#####.#.###..
......#.......# ......
...........##.# #.#....
#...(.#.##.##.## .........


You could see a kobold.

Vanquished Creatures
  3 bats (D:1)
  A giant cockroach (D:1)
  2 goblins (D:1)
  2 hobgoblins (D:1)
  3 jackals (D:1)
  4 kobolds (D:1)
  3 rats (D:1)
18 creatures vanquished.

Vanquished Creatures (others)
  14 plants (D:1)
14 creatures vanquished.

Grand Total: 32 creatures vanquished

Notes
Turn   | Place    | Note
-------+----------+-------------------------------------------
     0 | D:1      | Sporker the Tengu Air Elementalist began the quest for the
                  | Orb.
     0 | D:1      | Reached XP level 1. HP: 10/10 MP: 4/4
   283 | D:1      | Reached XP level 2. HP: 15/15 MP: 0/6
   339 | D:1      | Learned a level 2 spell: Swiftness
   553 | D:1      | Reached skill level 5 in Air Magic
   844 | D:1      | Hit by a stone thrown by a kobold

Illustrated notes

Levels and vault maps discovered:
D:1:      amcnicky_arrival_blooded_trapdoor, layout_basic,
          lexackson_kobold_supper

Skill      XL: |  1  2 |
---------------+-------+-----
Air Magic      | 5 |  5.3
Dodging        | |  2.1
Stealth        | |  2.0
Spellcasting   | |  2.0
Conjurations   | |  1.3

Action                   || total
-------------------------++-------
Melee: Unarmed           ||     1
 Cast: Shock             ||    33
Armor: Robe              ||     9
Dodge: Dodged            ||    30
